 Dungeon Crawl Stone Soup version 0.30.0-5-g1a98f26d00 (webtiles) character file.

Game seed: 6442933327718756324

104 NateTC the Trooper (level 4, -3/30 HPs)
             Began as a Gargoyle Fighter on May 11, 2023.
             Was an Initiate of Gozag.
             Slain by an orc
             ... wielding a +0 trident
              (5 damage)
             ... on level 3 of the Dungeon.
             The game lasted 00:07:55 (1798 turns).

NateTC the Trooper (Gargoyle Fighter)               Turns: 1798, Time: 00:07:56

Health: -3/30      AC: 10    Str: 21    XL:     4   Next: 80%
Magic:  4/4        EV:  9    Int:  9    God:    Gozag
Gold:   174        SH:  4    Dex:  9    Spells: 3/3 levels left

rFire   . . .        a - +0 flail
rCold   . . .        c - +0 buckler
rNeg    + . .        b - +0 scale mail
rPois   ∞            (no helmet)
rElec   +            (no cloak)
rCorr   .            (no gloves)
SInv    .            (no boots)
Will    .....        (no amulet) Stlth
                     (no ring)
HPRegen 0.25/turn    (no ring)
MPRegen 0.09/turn

%: no passive effects
@: no status effects
A: sickness immunity, AC +3, negative energy resistance 1, electricity
resistance, torment resistance 1, petrification resistance
a: Renounce Religion, Potion Petition, Call Merchant, Bribe Branch


You were on level 3 of the Dungeon.
You worshipped Gozag.
Gozag was aware of your devotion.
You visited 1 branch of the dungeon, and saw 3 of its levels.

You collected 231 gold pieces.
You paid 57 gold pieces to Gozag.

Inventory:

Hand Weapons
 a - a +0 flail (weapon)
Armour
 b - a +0 scale mail (worn)
 c - a +0 buckler (worn)
Scrolls
 i - a scroll of enchant armour {unknown}
 j - 3 scrolls of amnesia
Potions
 d - a potion of might
 e - a potion of mutation
 f - a potion of magic {unknown}
 g - a potion of heal wounds {unknown}
 h - 4 potions of curing {unknown}


   Skills:
 * Level 4.7 Fighting
 * Level 3.6 Maces & Flails
 - Level 3.2 Armour
 - Level 3.2 Shields


You had 3 spell levels left.
You didn't know any spells.
Your spell library contained the following spells:

 Spells                   Type           Power      Damage    Failure   Level
 Lesser Beckoning         Tloc           0%         N/A       90%         2
 Dazzling Flash           Conj/Hex       0%         N/A       99%         3
 Gell's Gravitas          Tloc           0%         N/A       99%         3
 Teleport Other           Tloc           0%         N/A       99%         3
 Volatile Blastmotes      Fire/Tloc      0%         2d10      99%         3
 Iskenderun's Mystic Bla  Conj/Tloc      0%         2d3       100%        4
 Starburst                Conj/Fire      0%         6d3       100%        6


Dungeon Overview and Level Annotations

Branches:
Dungeon (3/15) Zot: 16129

Altars:
Gozag


Innate Abilities, Weirdness & Mutations

You are immune to sickness and miasma.
Your stone body is resilient. (AC +3)
You are immune to poison.
You resist negative energy. (rN+)
You are resistant to electric shocks. (rElec)
You are resistant to unholy torment.
You are immune to petrification.


Message History

You hit the orc but do no damage.
The orc is lightly wounded.
The orc hits you with a +2 falchion of holy wrath.
You barely miss the orc.
The orc is lightly wounded.
The orc is no longer distracted by gold.
The orc closely misses you.
The orc hits you from afar with a +0 trident.
You hit the orc but do no damage.
The orc is lightly wounded.
The orc hits you but does no damage. You block the orc's attack.
The orc barely misses you.
The orc hits you with a +2 falchion of holy wrath!
You barely miss the orc.
The orc is lightly wounded.
The orc barely misses you. x2
You hit the orc but do no damage.
The orc is lightly wounded.
The orc barely misses you. You block the orc's attack.
You hit the orc.
The orc is moderately wounded.
The orc hits you with a +2 falchion of holy wrath.
* * * LOW HITPOINT WARNING * * *
The orc hits you but does no damage.
You hit the orc but do no damage.
The orc is moderately wounded.
The orc barely misses you. The orc closely misses you.
You closely miss the orc.
The orc is moderately wounded.
The orc hits you with a +2 falchion of holy wrath.
* * * LOW HITPOINT WARNING * * *
The orc misses you. You block the orc's attack.
The orc hits you with a +2 falchion of holy wrath.
* * * LOW HITPOINT WARNING * * *
You barely miss the orc.
The orc is moderately wounded.
The orc hits you but does no damage.
The orc hits you from afar with a +0 trident.
You die...
Your body crumbles into a pile of gold.

##....###...........
#.........:.........
.#...................
..... #....<.........
.....##..............
..........#..o######
....#....###o# ###
#....# #o# #....###@#
#........#+#
###########........
..#................
#.#.#######........
#.#........##.#####.
##.#...........# ..
...##.......#### ..
#............


You could see 3 orcs.

Vanquished Creatures
  Jessica (D:2)
  2 adders (D:2)
  A worm (D:2)
  2 dart slugs (D:2)
  An orc (D:3)
  8 ball pythons
  2 endoplasms
  3 giant cockroaches
  7 goblins
  4 hobgoblins
  5 kobolds
  A quokka (D:2)
  4 bats
  4 frilled lizards
  9 rats
54 creatures vanquished.

Notes
Turn   | Place    | Note
-------+----------+-------------------------------------------
     0 | D:1      | NateTC the Gargoyle Fighter began the quest for the Orb.
     0 | D:1      | Reached XP level 1. HP: 14/14 MP: 1/1
   118 | D:1      | Reached XP level 2. HP: 19/19 MP: 2/2
   768 | D:2      | Reached skill level 4 in Fighting
   768 | D:2      | Reached XP level 3. HP: 22/24 MP: 3/3
   796 | D:2      | Noticed Jessica
   802 | D:2      | Killed Jessica
   996 | D:2      | Reached XP level 4. HP: 30/30 MP: 4/4
  1497 | D:3      | Found an opulent altar of Gozag.
  1516 | D:3      | Became a worshipper of Gozag Ym Sagoz the Greedy
  1798 | D:3      | Slain by an orc

Illustrated notes

Levels and vault maps discovered:
D:1:      shiori_arrival_maze, layout_loops_ring, minivault_11, kennysheep_boxes
D:2:      minmay_diamond_boxcup, layout_loops_ring, guppyfry_early_lair_pool,
          uniq_jessica
D:3:      layout_basic, nicolae_gozag_seed_capital, serial_rivers,
          chequers_serial_rivers_small_a, chequers_serial_rivers_room_b,
          chequers_serial_rivers_micro_c, chequers_serial_rivers_room_a,
          kennysheep_big_empty_room, minmay_misc_feat_plants, uniq_terence,
          uniq_sigmund, uniq_robin, uniq_ijyb

Skill      XL: |  1  2  3 |
---------------+----------+-----
Fighting       | 4 |  4.7
Maces & Flails | 3 |  3.6
Armour         | |  3.2
Shields        | |  3.2

Action                     |  1- 3 |  4- 6 || total
---------------------------+-------+-------++-------
  Melee: Flail             |    90 |    90 ||   180
    Use: Scroll            |     3 |     1 ||     4
 Armour: Scale mail        |    49 |    45 ||    94
  Dodge: Dodged            |    41 |    56 ||    97
  Block: Buckler           |    16 |    23 ||    39
